 Dungeon Crawl Stone Soup version 0.18.1-47-g9310371 (webtiles) character file.

11 Lul the Skirmisher (level 2, -1/24 HPs)
             Began as a Demonspawn Chaos Knight on June 14, 2016.
             Slain by an adder (3 damage)
             ... on level 2 of the Dungeon.
             The game lasted 00:02:41 (1130 turns).

Lul the Skirmisher (Demonspawn Chaos Knight)        Turns: 1130, Time: 00:02:42

Health: -1/24      AC:  6    Str: 12    XL:     2   Next: 17%
Magic:  2/2        EV: 10    Int: 10    God:    Xom [*.....]
Gold:   25         SH:  0    Dex: 12    Spells: 0 memorised, 1 level left

rFire  . . .     SeeInvis .     a - +0 hand axe (chaos)
rCold  . . .     Gourm    .     b - +3 leather armour
rNeg   . . .     Faith    .     (no shield)
rPois  .         Spirit   .     (helmet restricted)
rElec  .         Dismiss  .     (no cloak)
rCorr  .         Reflect  .     (no gloves)
SustAt .         Harm     .     (no boots)
MR     .....                    (no amulet)
Stlth  +.........               (no ring)
                                g - -3 ring of intelligence (curse)

@: lethally poisoned (-1 -> -5), heavily drained, not resistant to hostile
enchantments, very unstealthy
A: antennae 1
a: Renounce Religion


You were on level 2 of the Dungeon.
You worshipped Xom.
You were a special plaything of Xom.
You were very hungry.

You visited 1 branch of the dungeon, and saw 2 of its levels.

You collected 25 gold pieces.

Inventory:

Hand Weapons
 a - a +0 hand axe of chaos (weapon)
Armour
 b - a +3 leather armour (worn)
Jewellery
 g - a cursed -3 ring of intelligence (left hand)
 h - an uncursed ring of poison resistance {unknown}
Scrolls
 i - a scroll of blinking {unknown}
 m - a scroll of identify {unknown}
Potions
 e - 2 potions of curing
 j - a potion of magic {unknown}
 k - a potion of mutation {unknown}
Comestibles
 c - a bread ration
 d - a meat ration


   Skills:
 + Level 3.1(0.9) Fighting
 + Level 2.9(0.7) Axes
 + Level 2.0(0.0) Armour
 + Level 1.1(0.0) Dodging


You had one spell level left.
You didn't know any spells.

Dungeon Overview and Level Annotations

Branches:
Dungeon (2/15)

Altars:
Xom


Innate Abilities, Weirdness & Mutations

You have a pair of small antennae on your head.


Message History

The adder closely misses you. The giant cockroach closely misses you.
The adder closely misses you. The giant cockroach barely misses you.
The adder bites you.
You are poisoned.
The adder poisons you!
You feel sick.
The giant cockroach bites you but does no damage.
The adder bites you but does no damage. The giant cockroach bites you.
* * * LOW HITPOINT WARNING * * *
The adder barely misses you.
You feel sick. The adder bites you.
* * * LOW HITPOINT WARNING * * *
The giant cockroach misses you. The adder barely misses you.
The giant cockroach bites you.
* * * LOW HITPOINT WARNING * * *
The adder misses you.
The giant cockroach bites you but does no damage.
The adder bites you.
You die...

#. #. #...# #. #...
#. #..# #####.##
#..#
......######..#
#..S........#
#.s@#####...#
##.#........######.
#.#.#####.....>...
#.#.# #.########
..#.# #.# ###.# #.#
#.# #.# #.# #<# #.#
#.#


You could see an adder and a giant cockroach.

Vanquished Creatures
  2 goblins (D:1)
  2 hobgoblins (D:1)
  A kobold (D:1)
  3 bats (D:1)
  A giant newt (D:1)
  3 rats (D:1)
12 creatures vanquished.

Notes
Turn   | Place    | Note
--------------------------------------------------------------
     0 | D:1      | Lul the Demonspawn Chaos Knight began the quest for the Orb.
     0 | D:1      | Reached XP level 1. HP: 18/18 MP: 1/1
    42 | D:1      | XOM: harmless Summ miscast
    52 | D:1      | XOM: divination: magic mapping
   129 | D:1      | Reached skill level 1 in Dodging
   246 | D:1      | XOM: scenery: create altars
   421 | D:1      | Gained mutation: You have a pair of small antennae on your head. [demonic ancestry]
   421 | D:1      | Reached XP level 2. HP: 11/24 MP: 2/2
   497 | D:1      | XOM: summons 1 hostile demon
   498 | D:1      | Noticed a crimson imp
   537 | D:1      | XOM: mild Hex miscast
   688 | D:1      | XOM: colour smoke trail
   794 | D:1      | XOM: harmless Trmt miscast
   945 | D:1      | XOM: mild Divn miscast
  1072 | D:1      | XOM: summons 3 hostile shadow creatures
  1129 | D:2      | HP: 1/24 [giant cockroach (2)]
  1130 | D:2      | Slain by an adder

Skill      XL: |  1  2 |
---------------+-------+-----
Dodging        | 1 |  1.1
Armour         | 2 |  2.0
Fighting       | |  3.1
Axes           | |  2.9

Action                   || total
-------------------------++-------
Melee: Hand axe          ||    67
  Use: Potion            ||     3
       Scroll            ||     1
Armor: Leather armour    ||    54
Dodge: Dodged            ||    65
